Unix NetHack Version 5.0.0-0 post-release - last build May 10 2026 23:12:36 (d1fa5d53e341ca933230fdaa984d921c805b60aa,branch:main).

Game began 2026-05-14 03:45:37, ended 2026-05-14 04:00:05.

BeardyHaddock, neutral male gnomish Archeologist

          ---
 -- -    --.--
 |...--  |`..--                  ----                ----
 |.....  |....|                 --..---              |..|           -------
  -....#---...----- ---         |.....---           --..--          |.--..---
  |.......|..*.--.---.|         --......---         |.)..|          |..)....--
---...................---------- ---......-- ----   --...--    ------*.......|
|................`..`..........-------.....| |..|    ---..|   --@.--.....--..|
|.. |.................--------.....| |-.>.----..|      |-.--  |..).....*------
--  -##.......--.......--    -----.| |..........|   ----..*|  --.|.....^|
      ---.....||-..<....|        |.----.....-----   |......--- |----...--
        --....--.......-|        |.........--   ----|........---..---..|
         -..............|        ------.|..------..|--................--
         ...|...........-----         |.--.........---............-----
        |..----...........|.--..      |..--..-----.......--........-
        --.   |............*..-       --. --...| -------.--.........|
         ..   |.......-..[...--         - --...--      |.....--.....|
         .*   --..........----          |.......|      ---...|-------
        ---   |....---..---             ---....--        |...|
              |..--- |..|                 ------         -----
              ---    ----
BeardyHaddock the Field Worker  St:12 Dx:11 Co:14 In:19 Wi:13 Ch:9  Neutral
Dlvl:4  $:23 HP:0(29) Pw:13(13) AC:7  Xp:3 T:2412  Blind Deaf

Latest messages:
 What do you want to remove? [*] <esc>
 Never mind.
 What do you want to eat? [d or ?*] ?
 This food really hits the spot!
 You finish eating the food ration.
 You see here a rock.
 A trap door in the ceiling opens and a rock falls on your head!
 Your fedora does not protect you.
 You find a dart trap.
 You find a pit.
 You see here a violet gem.
 I - a violet gem.
 What do you want to use or apply? [ae-jnqrvDG or ?*] g
 What do you want to rub on the stone? [$I or ?*] I
 I - a worthless piece of violet glass.
 What do you want to drop? [$a-jnq-su-xzABDGI or ?*] I
 You drop a worthless piece of violet glass.
 You see here a flail.
 You see here a worthless piece of violet glass.
 You see here an axe.
 You are momentarily blinded by a flash of light!
 You hear a deafening roar!
 You try to feel what is lying here on the floor.
 You feel here a smoky potion.
 J - a smoky potion.
 It hits!
 You hit it.
 It bites!
 You hit it.
 It bites!
 You feel feverish.
 What do you want to wear? [x or ?*] B
 Which ring-finger, Right or Left? [rl] r
 B - an uncursed ring of regeneration (on right hand).
 You feel hemmed in.
 It bites!
 You hit it.
 It just misses!
 It hits!
 What do you want to write with? [- agswABD or ?*] -
 You write in the dust with your fingertip.
 What do you want to write in the dust here? Elbereth
 It bites!
 It hits!
 You die...
 Do you want your possessions identified? [ynq] (y) y
 Do you want to see your attributes? [ynq] (y) n
 Do you want an account of creatures vanquished? [ynaq] (y) n
 Do you want to see your conduct and achievements? [ynq] (y) n
 Do you want to see the dungeon overview? [ynq] (y) n

Inventory:
 Coins    ('$')
  $ - 23 gold pieces
 Weapons  (')')
  s - 9 +0 arrows
  A - 12 +0 darts
  w - a +0 elven dagger
  a - a +2 bullwhip (alternate weapon; not wielded)
 Armor    ('[')
  c - an uncursed +0 fedora (being worn)
  x - a cursed +0 pair of kicking boots
  b - a blessed +2 leather jacket (being worn)
 Comestibles  ('%')
  d - 3 uncursed food rations
 Scrolls  ('?')
  u - an uncursed scroll of identify
 Spellbooks  ('+')
  r - an uncursed spellbook of cure blindness
  q - an uncursed spellbook of healing
 Potions  ('!')
  J - an uncursed potion of restore ability
  z - an uncursed potion of water
 Rings    ('=')
  B - an uncursed ring of regeneration (on right hand)
 Wands    ('/')
  D - a wand of make invisible (0:3)
 Tools    ('(')
  v - an empty uncursed bag of holding
  h - an empty uncursed sack
  G - an empty uncursed sack
  j - an uncursed brass lantern (lit)
  n - an uncursed leash
  i - an uncursed oil lamp
  e - a +0 pick-axe (weapon in left hand)
  f - a tinning kit (0:53)
 Gems/Stones  ('*')
  g - an uncursed touchstone

BeardyHaddock the Archeologist's attributes:

Background:
 You were a Field Worker, a level 3 male gnomish Archeologist.
 You were neutral, on a mission for Camaxtli
 who was opposed by Quetzalcoatl (lawful) and Huhetotl (chaotic).
 You were left-handed.
 You were in the Gnomish Mines, on level 4.
 You entered the dungeon 2412 turns ago.
 It was nighttime.
 You had 51 experience points, 29 more were needed to attain level 4.

Basics:
 You had 0 out of 29 hit points.
 You had all 13 energy points (spell power).
 Your armor class was 7.
 Your wallet contained 23 zorkmids.
 Autopickup was off.

Final Characteristics:
 Your strength was 12 (limit:18/50).
 Your dexterity was 11 (limit:18).
 Your constitution was 14 (limit:18).
 Your intelligence was 19 (limit:19).
 Your wisdom was 13 (peak:14, limit:18).
 Your charisma was 9 (limit:18).

Final Status:
 You were temporarily blind.
 You were deaf.
 You weren't hungry.
 You were unencumbered.
 You were wielding a pick-axe.
 You had basic skill with pick-axe.

Final Attributes:
 You were piously aligned.
 You were level-drain resistant.
 You had automatic searching.
 You had infravision.
 You regenerated.
 You were a werejackal.
 You were harmed by silver.
 You were lucky.
 You are dead.

Miscellaneous:
 You didn't encounter any bones levels.
 Total elapsed playing time was 14 minutes and 28 seconds.

Major events:
 Turn
    1: BeardyHaddock the neutral male gnomish Archeologist entered the dungeon
 1636: entered the Gnomish Mines
 2255: attained the rank of Field Worker (level 3)
 2412: killed by a werejackal

Spells:
 Name                 Level Category     Fail Retention
 healing                1   healing        0%  76%-100%
 cure blindness         2   healing       62%  76%-100%

Skills:
 Fighting Skills
   bare handed combat [Unskilled]
   two weapon combat  [Unskilled]
   riding             [Unskilled]
 Weapon Skills
   dagger             [Unskilled]
   knife              [Unskilled]
   pick-axe           [Basic]
   short sword        [Unskilled]
   saber              [Unskilled]
   club               [Unskilled]
   quarterstaff       [Unskilled]
   sling              [Unskilled]
   dart               [Unskilled]
   boomerang          [Unskilled]
   whip               [Basic]
   unicorn horn       [Unskilled]
 Spellcasting Skills
   attack spells      [Unskilled]
   healing spells     [Unskilled]
   divination spells  [Unskilled]
   matter spells      [Unskilled]

Voluntary challenges:
 Character rerolling was not enabled.
 You never genocided any monsters.
 You never polymorphed an object.
 You never changed form.
 You used no wishes.
Achievements:
 You entered the Gnomish Mines.
 You attained the rank of Field Worker.

 The Dungeons of Doom: levels 1 to 3
    Level 1:
    Level 2:
       Stairs down to The Gnomish Mines.
    Level 3:
       An altar, a sink.
 The Gnomish Mines: levels 3 to 4
    Level 3:
    Level 4: <- You were here.
       Final resting place for
          you, killed by a werejackal.


Vanquished creatures:
  a little dog
  a kitten
  2 dwarves
  a giant bat
 an acid blob
  2 hobbits
  2 manes
  a large kobold
  a giant rat
  a yellow mold
  a green mold
  2 gnomes
  7 jackals
  a fox
  3 kobolds
  a goblin
  a sewer rat
 11 grid bugs
  3 lichens
  a kobold zombie
  9 newts
53 creatures vanquished.

No species were genocided or became extinct.

Game over:
                       ----------
                      /          \
                     /    REST    \
                    /      IN      \
                   /     PEACE      \
                  /                  \
                  |  BeardyHaddock   |
                  |      23 Au       |
                  |   killed by a    |
                  |    werejackal    |
                  |                  |
                  |                  |
                  |       2026       |
                 *|     *  *  *      | *
        _________)/\\_//(\/(/\)/\//\/|_)_______

Goodbye BeardyHaddock the Archeologist...

You died in The Gnomish Mines on dungeon level 4 with 395 points,
and 23 pieces of gold, after 2412 moves.
You were level 3 with a maximum of 29 hit points when you died.

